 Dungeon Crawl Stone Soup version 0.29-a0-416-g83a48905f1 (webtiles) character file.

Game seed: 1451175418099112959

19997 siradein the Fighter (level 12, 0/109 HPs)
             Began as a Vine Stalker Berserker on May 16, 2022.
             Was a High Priest of Trog.
             Slain by a fire elemental (8 damage)
             ... summoned by a deep elf pyromancer
             ... on level 11 of the Dungeon.
             The game lasted 00:36:47 (11098 turns).

siradein the Fighter (Vine Stalker Berserker)      Turns: 11098, Time: 00:36:47

Health: 0/109      AC: 12    Str: 21    XL:     12   Next: 74%
Magic:  0/13       EV: 11    Int:  7    God:    Trog [*****.]
Gold:   663        SH: 10    Dex: 18    Spells: 11/11 levels left

rFire   . . .      SeeInvis .   G - +0 dagger (speed)
rCold   + . .      Faith    .   A - +0 kite shield
rNeg    . . .      Spirit   +   b - +0 swamp dragon scales
rPois   +          Reflect  .   j - +0 helmet
rElec   .          Harm     .   (no cloak)
rCorr   .          Rampage  .   J - +2 pair of gloves
Will    +....                   (no boots)
Stlth   ..........              (no amulet)
HPRegen 1.08/turn               m - +4 ring of slaying
MPRegen 0.13/turn               c - ring of protection from cold

@: berserking (expiring), very quick
A: fangs 3, regeneration 1, magic shield, antimagic bite, no potion heal 2
a: Renounce Religion, Berserk, Trog's Hand, Brothers in Arms


You were on level 11 of the Dungeon.
You worshipped Trog.
Trog was extremely pleased with you.
You visited 1 branch of the dungeon, and saw 11 of its levels.

You collected 663 gold pieces.

Inventory:

Hand Weapons
 k - the +5 dagger "Lupsyllu" {holy, rF+}
   (You found it on level 6 of the Dungeon)

   It has been blessed by the Shining One to cause great damage to the undead
   and demons.
   rF:        It protects you from fire.
 t - a +2 short sword of venom
 G - a +0 dagger of speed (weapon)
Missiles
 H - a throwing net
 M - 2 boomerangs (quivered)
Armour
 b - +0 swamp dragon scales (worn)
 j - a +0 helmet (worn)
 A - a +0 kite shield (worn)
 J - a +2 pair of gloves (worn)
Jewellery
 c - a ring of protection from cold (right hand)
 d - a ring of protection from fire
 e - a ring of poison resistance
 m - a +4 ring of slaying (left hand)
 I - a ring of fire
Wands
 a - a wand of digging (12)
 l - a wand of charming (15)
 s - a wand of polymorph (4)
 y - a wand of iceblast (8)
 K - a wand of acid (7)
Scrolls
 f - 4 scrolls of teleportation
 g - 2 scrolls of fog
 i - 3 scrolls of fear
 r - a scroll of silence {unknown}
 u - a scroll of vulnerability
 v - 4 scrolls of poison
 x - 2 scrolls of magic mapping
 F - a scroll of immolation
 L - a scroll of enchant weapon {unknown}
Potions
 h - 2 potions of mutation
 n - 3 potions of resistance
 o - 2 potions of might
 p - 4 potions of curing
 q - 2 potions of heal wounds {unknown}
 w - 2 potions of haste {unknown}
 z - a potion of attraction {unknown}
 B - 2 potions of flight {unknown}
 C - 2 potions of magic {unknown}
 D - a potion of ambrosia {unknown}
Miscellaneous
 E - a lightning rod (4/4)


   Skills:
 * Level 13.1 Fighting
 + Level 12.4 Short Blades
 + Level 4.1 Armour
 + Level 4.1 Dodging
 + Level 4.1 Shields


You had 11 spell levels left.
You didn't know any spells.
Your spell library was empty.

Dungeon Overview and Level Annotations

Branches:
Dungeon (11/15)            Temple (0/1) D:7            Lair (0/6) D:8
    Orc (0/2) D:11

Altars:
Cheibriados
Hepliaklqana
Nemelex Xobeh
Ru
Trog
Yredelemnul
The Shining One

Shops:
D:1 [   D:9 !


Innate Abilities, Weirdness & Mutations

You have razor-sharp teeth.
Your natural rate of healing is unusually fast.
When hurt, damage is shared between your health and your magic reserves.
Your bite disrupts and absorbs the magic of your enemies.
Potions cannot restore your health.


Message History

The fire elemental is lightly damaged.
The fire elemental misses you.
You hit the fire elemental.
The fire elemental is moderately damaged.
The deep elf pyromancer gestures wildly while chanting.
The deep elf pyromancer blinks!
You hit the fire elemental.
You bite the fire elemental, but do no damage.
The fire elemental is moderately damaged.
The fire elemental completely misses you.
You hit the fire elemental.
The fire elemental is heavily damaged.
The fire elemental hits you. The fire elemental burns you!
The deep elf pyromancer gestures wildly while chanting.
The deep elf pyromancer blinks!
You completely miss the fire elemental.
You bite the fire elemental, but do no damage.
The fire elemental is heavily damaged.
You hit the fire elemental.
The fire elemental is heavily damaged.
You block the fire elemental's attack.
The deep elf pyromancer gestures at you while chanting.
The bolt of fire hits the fire elemental.
The fire elemental completely resists.
The bolt of fire hits you!!
* * * LOW HITPOINT WARNING * * *
A red film seems to cover your vision as you go berserk!
You feel yourself moving faster!
You feel mighty! The fire elemental hits you.
* * * LOW HITPOINT WARNING * * *
The fire elemental burns you!
* * * LOW HITPOINT WARNING * * *
The deep elf pyromancer hits you from afar with a +0 glaive!
* * * LOW HITPOINT WARNING * * *
You feel a strong urge to attack something.
The fire elemental hits you. The fire elemental burns you!
* * * LOW HITPOINT WARNING * * *
You puncture the deep elf pyromancer!
Your bite misses the deep elf pyromancer.
The deep elf pyromancer is moderately wounded.
The fire elemental hits you. The fire elemental burns you!
You die...

≈≈###'# . O .. ≈≈≈.#.# .######
########.. ≈≈≈.# ...e.. #.......K
≈≈≈.# #..o. .......g# ≈≈≈.# #.☼.
........# ≈≈≈.# #☼. #.......#
≈≈≈.# #'##################'#
≈≈≈.# #.....E.'....'.......#
≈≈≈.# #.....@e#...)#.......#
≈≈### #.......#)...#.......#
≈≈#...#############''''##########
≈≈#...#..........................
≈≈#####≈≈≈≈≈≈≈≈≈≈≈≈....≈≈≈≈≈≈≈≈≈≈
≈≈≈≈≈≈≈≈≈≈≈≈≈≈≈≈≈≈≈....≈≈≈≈≈≈≈≈≈≈
≈≈≈≈≈≈≈≈≈≈≈≈≈≈≈≈≈≈≈....≈≈≈≈≈≈≈≈≈≈
.P...............................
.................................


You could see a deep elf pyromancer and a fire elemental (summoned).

Vanquished Creatures
  Erolcha (D:9)
  A hydra (D:11)
  A boulder beetle (D:11)
  6 two-headed ogres
  Pikel (D:5)
  2 cyclopes (D:11)
  A manticore (D:11)
  Maggie (D:6)
  An unseen horror (D:10)
  A komodo dragon (D:8)
  3 trolls
  Grinder (D:3)
  A blink frog (shapeshifter) (D:11)
  Prince Ribbit (D:5)
  Sigmund (D:3)
  A shadow (D:9)
  5 wyverns
  A wraith (D:11)
  15 yaks
  10 wargs (D:11)
  Menkaure (D:7)
  Edmund (D:5)
  2 water moccasins
  An acid dragon (D:8)
  A swamp drake (D:8)
  8 orc warriors
  A black bear (D:5)
  A sky beast (D:8)
  3 ice beasts
  4 ogres
  7 centaurs
  A lemure (D:5)
  3 phantoms
  Blork the orc (D:5)
  8 kobold brigands
  3 bullfrogs
  6 gnoll sergeants
  2 scorpions
  11 wights
  11 killer bees
  8 howler monkeys
  A hound (D:5)
  6 gnoll shamans
  An orc priest (D:8)
  2 jellies
  3 iguanas
  Natasha (D:4)
  Terence (D:3)
  10 orc wizards
  21 gnolls
  4 adders
  2 shadow imps
  A white imp (D:6)
  2 worms
  A dart slug (D:1)
  27 orcs
  6 endoplasms
  4 giant cockroaches
  7 goblins
  5 hobgoblins
  5 jackals
  2 quokkas
  9 ball pythons
  5 bats
  2 frilled lizards (D:1)
  30 kobolds
  5 rats
302 creatures vanquished.

Vanquished Creatures (others)
  A fungus (D:11)
1 creature vanquished.

Grand Total: 303 creatures vanquished

Notes
Turn   | Place    | Note
-------+----------+-------------------------------------------
     0 | D:1      | siradein the Vine Stalker Berserker began the quest for the
                  | Orb.
     0 | D:1      | Reached XP level 1. HP: 11/11 MP: 2/2
   416 | D:1      | Reached XP level 2. HP: 16/16 MP: 3/3
   422 | D:1      | Reached skill level 3 in Fighting
   610 | D:1      | Found Seme's Armour Shop.
   619 | D:1      | Found a faded altar of an unknown god.
  1247 | D:2      | Reached XP level 3. HP: 17/20 MP: 4/4
  1809 | D:2      | Identified the +2 robe "Beerhiff" {rPois Str-5 Int+6}
  2272 | D:2      | Reached ** piety under Trog
  2273 | D:2      | Gained mutation: Your natural rate of healing is unusually
                  | fast. [Vine Stalker growth]
  2273 | D:2      | Reached XP level 4. HP: 23/25 MP: 5/5
  2555 | D:3      | Noticed Terence
  2562 | D:3      | Killed Terence
  2709 | D:3      | Noticed Grinder
  2725 | D:3      | Killed Grinder
  2726 | D:3      | Reached skill level 4 in Fighting
  2726 | D:3      | Reached XP level 5. HP: 18/30 MP: 3/6
  2726 | D:3      | Reached XP level 6. HP: 21/35 MP: 3/7
  2985 | D:3      | Noticed Sigmund
  2992 | D:3      | Killed Sigmund
  2993 | D:3      | Reached skill level 5 in Fighting
  2993 | D:3      | Reached skill level 5 in Short Blades
  2993 | D:3      | Reached XP level 7. HP: 37/39 MP: 8/8
  3404 | D:4      | Found a snail-covered altar of Cheibriados.
  3430 | D:4      | Found a sparkling altar of Nemelex Xobeh.
  3430 | D:4      | Found a bloodstained altar of Trog.
  3669 | D:4      | Reached skill level 6 in Fighting
  3715 | D:4      | Noticed Natasha
  3726 | D:4      | Killed Natasha
  3914 | D:5      | Entered Level 5 of the Dungeon
  3969 | D:5      | Gained mutation: You have razor-sharp teeth. [Vine Stalker
                  | growth]
  3969 | D:5      | Reached XP level 8. HP: 45/45 MP: 9/9
  3993 | D:5      | Noticed Pikel
  4010 | D:5      | Killed Pikel
  4011 | D:5      | Reached skill level 7 in Fighting
  4200 | D:5      | Noticed Edmund
  4220 | D:5      | Killed Edmund
  4268 | D:5      | Noticed Blork the orc
  4277 | D:5      | Killed Blork the orc
  4278 | D:5      | Reached XP level 9. HP: 47/51 MP: 8/10
  4305 | D:5      | Found a glowing golden altar of the Shining One.
  4619 | D:5      | Found a basalt altar of Yredelemnul.
  4734 | D:6      | Noticed Prince Ribbit
  4737 | D:6      | Noticed Maggie
  4804 | D:5      | Reached skill level 8 in Fighting
  4836 | D:5      | Killed Prince Ribbit
  4902 | D:6      | Killed Maggie
  4902 | D:6      | Reached *** piety under Trog
  5154 | D:6      | Identified the +5 dagger "Lupsyllu" {holy, rF+}
  5307 | D:6      | Reached skill level 9 in Fighting
  5675 | D:7      | Noticed Menkaure
  5680 | D:7      | Killed Menkaure
  5698 | D:7      | Reached XP level 10. HP: 49/58 MP: 11/11
  6096 | D:7      | Found a staircase to the Ecumenical Temple.
  6240 | D:7      | Found a sacrificial altar of Ru.
  6452 | D:8      | Reached **** piety under Trog
  6485 | D:8      | Reached skill level 10 in Short Blades
  6561 | D:8      | Reached skill level 10 in Fighting
  6736 | D:8      | Found a staircase to the Lair.
  7099 | D:8      | Reached skill level 11 in Fighting
  7149 | D:8      | Reached XP level 11. HP: 34/65 MP: 12/12
  7644 | D:9      | Found Tyxkuutu's Distillery.
  7835 | D:9      | Noticed Erolcha
  7848 | D:9      | Killed Erolcha
  8061 | D:9      | Reached ***** piety under Trog
  8097 | D:9      | Found a hazy altar of Hepliaklqana.
  8303 | D:10     | Entered Level 10 of the Dungeon
  8647 | D:10     | Reached skill level 1 in Shields
  8842 | D:10     | Noticed a two-headed ogre
  8853 | D:10     | Killed a two-headed ogre
  9050 | D:10     | Reached skill level 12 in Fighting
  9322 | D:11     | Noticed an eight-headed hydra
  9443 | D:11     | Noticed a manticore
  9610 | D:11     | Killed a manticore
  9704 | D:11     | Found a staircase to the Orcish Mines.
  9763 | D:11     | Killed an eight-headed hydra
  9764 | D:11     | Reached XP level 12. HP: 72/72 MP: 11/13
  9789 | D:11     | Noticed a two-headed ogre
  9836 | D:11     | Killed a two-headed ogre
  9865 | D:11     | Noticed a boulder beetle
  9884 | D:11     | Killed a boulder beetle
 10281 | D:11     | Noticed a two-headed ogre
 10359 | D:11     | Received a gift from Trog
 10492 | D:11     | Noticed a two-headed ogre
 10526 | D:11     | Killed a two-headed ogre
 10675 | D:11     | Noticed a two-headed ogre
 10698 | D:11     | Killed a two-headed ogre
 10847 | D:11     | Killed a two-headed ogre
 10848 | D:11     | Reached skill level 13 in Fighting
 10888 | D:11     | Noticed a two-headed ogre
 10980 | D:11     | Noticed a two-headed ogre
 11004 | D:11     | Killed a two-headed ogre
 11098 | D:11     | Slain by a fire elemental

Illustrated notes

Levels and vault maps discovered:
D:1:      dpeg_arrival_more_subterranean_lakeside_camping, layout_basic,
          serial_shops, shop, basic_ecumenical_altar
D:2:      layout_loops_corners, kennysheep_flooded_box, kennysheep_donut
D:3:      layout_basic, uniq_sigmund, uniq_grinder, uniq_terence
D:4:      layout_basic, mainiacjoe_overflow_divided_tiny, cheibriados_altar_1,
          chequers_serial_rivers_micro_d, uniq_natasha
D:5:      layout_loops_ring, mainiacjoe_overflow_alcove_2, tso_metal_star,
          uniq_edmund, uniq_blork_the_orc, uniq_pikel
D:6:      layout_layer_cave, uniq_prince_ribbit1, uniq_maggie
D:7:      layout_gridville, nicolae_overflow_crystal_walls,
          minmay_temple_entry_fiery, uniq_menkaure
D:8:      layout_loops_ring, erik_lair_dragon
D:9:      layout_cave_pools, lemuel_doored_altar, serial_shops,
          nicolae_shop_behind_doors, uniq_erolcha
D:10:     layout_basic
D:11:     lemuel_castle_with_subvaults [lemuel_castle_interior_carwin_3],
          layout_irregular_city, david_orc_4

Skill      XL: |  1  2  3  4  5  6  7  8  9 10 11 12 |
---------------+-------------------------------------+-----
Fighting       | 3 4 5 6 7 9 11 12 13 | 13.1
Short Blades   | 3 4 5 6 7 9 11 12 | 12.4
Shields        | 2 4 |  4.1
Dodging        | 3 4 |  4.1
Armour         | 2 4 |  4.1

Action                   |  1- 3 |  4- 6 |  7- 9 | 10-12 || total
-------------------------+-------+-------+-------+-------++-------
Melee: Short sword       |    99 |    43 |   162 |   234 ||   538
       Bite              |    25 |    12 |    62 |   386 ||   485
       Dagger            |       |       |    19 |   622 ||   641
Throw: Boomerang         |       |       |       |     1 ||     1
Invok: Berserk           |       |     1 |     1 |     4 ||     6
       Trog's Hand       |       |       |       |     2 ||     2
Evoke: Wand              |       |       |       |     1 ||     1
  Use: Scroll            |       |       |    10 |    10 ||    20
 Stab: Sleeping          |     3 |       |       |       ||     3
Armor: Animal skin       |    11 |       |       |       ||    11
       Chain mail        |     6 |    23 |    47 |       ||    76
       Swamp dragon scal |       |       |    10 |   172 ||   182
Dodge: Dodged            |    47 |    13 |    59 |   227 ||   346
Block: Buckler           |       |       |       |    16 ||    16
       Kite shield       |       |       |       |   196 ||   196

Table legend: (Time is in decaauts)
 A = Elapsed time spent in this place.
 B = Non-inter-level travel time spent in this place.
 C = Inter-level travel time spent in this place.
 D = Time resting spent in this place.
 E = Time spent auto-exploring this place.
 F = Levels seen in this place.
 G = Mean time per level.
                   A        B        C        D        E       F      G
               +--------+--------+--------+--------+--------+-----+--------+
         Total |  10728 |  10317 |    411 |    157 |   7978 |  11 |  975.3 |
       Dungeon |  10728 |  10317 |    411 |    157 |   7978 |  11 |  975.3 |
               +--------+--------+--------+--------+--------+-----+--------+

Top non-repeatable levels by time:
    D:11: 1470 daAuts
     D:2: 1258 daAuts
     D:1: 1194 daAuts
     D:8: 1112 daAuts
    D:10: 1110 daAuts
     D:3: 935 daAuts
     D:5: 934 daAuts
     D:6: 797 daAuts
     D:7: 726 daAuts
     D:9: 669 daAuts
     D:4: 519 daAuts
